 Dungeon Crawl Stone Soup version 0.29-a0-330-g52719c12eb (webtiles) character file.

Game seed: 8969522239360620763

9490 Crownlay the Marksspriggan (level 11, -1/55 HPs)
             Began as a Spriggan Hunter on May 12, 2022.
             Was a Priest of Dithmenos.
             Slain by a centaur warrior
             ... wielding the +7 great sword of the Maze {flame, *Noise *Slow rPois rN++ SInv}
              (29 damage)
             ... on level 8 of the Dungeon.
             The game lasted 00:22:25 (8744 turns).

Crownlay the Marksspriggan (Spriggan Hunter)        Turns: 8744, Time: 00:22:25

Health: -1/55      AC:  9    Str:  7    XL:     11   Next: 23%
Magic:  16/16      EV: 24    Int: 12    God:    Dithmenos [***...]
Gold:   472        SH:  0    Dex: 28    Spells: 10/10 levels left

rFire   . . .      SeeInvis +   a - +7 shortbow (flame)
rCold   . . .      Faith    .   (shield currently unavailable)
rNeg    . . .      Spirit   .   v - +1 acid dragon scales
rPois   .          Reflect  .   G - +2 hat
rElec   .          Harm     .   (no cloak)
rCorr   +          Rampage  .   (gloves unavailable)
Will    +....                   (boots unavailable)
Stlth   ++++++++..              y - amulet of the acrobat
HPRegen 0.18/turn               F - ring of Muitos {*Slow rCorr Dex+6 Stlth+}
MPRegen 0.15/turn               h - +4 ring of evasion

@: wreathed by umbra, very quick
A: very small, no large weapons, unfitting armour, see invisible, speed 3
a: Renounce Religion, Shadow Step


You were on level 8 of the Dungeon.
You worshipped Dithmenos.
Dithmenos was most pleased with you.
You visited 2 branches of the dungeon, and saw 11 of its levels.
You also visited: Ossuary.

You collected 472 gold pieces.

Inventory:

Hand Weapons
 a - a +7 shortbow of flaming (weapon)
Missiles
 b - a throwing net (quivered)
Armour
 v - +1 acid dragon scales (worn)
 G - a +2 hat (worn)
Jewellery
 f - a ring of protection from fire
 h - a +4 ring of evasion (right hand)
 p - a ring of protection from fire
 r - a ring of protection from fire
 y - an amulet of the acrobat (around neck)
 F - the ring of Muitos (left hand) {*Slow rCorr Dex+6 Stlth+}
   (You took it off an orc on level 6 of the Dungeon)

   [ring of resist corrosion]

   Dex:       It affects your dexterity (+6).
   rCorr:     It protects you from acid and corrosion.
   *Slow:     It may slow you when you take damage.
   Stlth:     It makes you more stealthy.
 I - an amulet of guardian spirit
 J - a +6 ring of strength
Wands
 o - a wand of flame (69)
 q - a wand of acid (20)
 x - a wand of iceblast (21)
Scrolls
 c - 2 scrolls of immolation
 d - a scroll of noise
 i - 2 scrolls of enchant armour
 j - 3 scrolls of amnesia
 m - 5 scrolls of blinking
 n - 2 scrolls of teleportation
 t - 2 scrolls of fear
 D - a scroll of torment
 E - a scroll of magic mapping
 K - 2 scrolls of vulnerability {unknown}
 L - a scroll of silence {unknown}
Potions
 e - 9 potions of curing
 g - 3 potions of flight
 k - 3 potions of might {unknown}
 l - a potion of resistance {unknown}
 s - a potion of haste {unknown}
 u - 4 potions of heal wounds
 w - 3 potions of degeneration {unknown}
 z - 3 potions of cancellation {unknown}
 A - 5 potions of brilliance {unknown}
 B - a potion of magic {unknown}
 C - a potion of berserk rage {unknown}
 H - a potion of ambrosia {unknown}


   Skills:
 + Level 5.1 Fighting
 - Level 16.0 Bows
 * Level 4.7 Dodging
 * Level 11.4 Stealth
 + Level 6.5 Invocations


You had 10 spell levels left.
You didn't know any spells.
Your spell library contained the following spells:

 Spells                   Type           Power      Damage    Failure   Level
 Foxfire                  Conj/Fire      0%         2x1d4     54%         1
 Sting                    Tmut/Pois      0%         1d3       54%         1
 Poisonous Vapours        Pois/Air       0%         N/A       67%         2
 Confusing Touch          Hex            0%         N/A       88%         3
 Conjure Flame            Conj/Fire      0%         6-21      88%         3
 Inner Flame              Hex/Fire       0%         N/A       88%         3
 Ozocubu's Armour         Ice            0%         N/A       88%         3
 Flame Wave               Conj/Fire      0%         2d4       99%         4
 Olgreb's Toxic Radiance  Pois           0%         N/A       99%         4
 Summon Forest            Summ/Tloc      0%         N/A       100%        5
 Yara's Violent Unravell  Hex/Tmut       0%         3d3       100%        5
 Eringya's Noxious Bog    Tmut/Pois      0%         N/A       100%        6
 Enfeeble                 Hex            0%         N/A       100%        7
 Ozocubu's Refrigeration  Ice            0%         4d5       100%        7
 Summon Hydra             Summ           0%         N/A       100%        7
 Borgnjor's Revivificati  Necr           0%         N/A       100%        8
 Necromutation            Tmut/Necr      0%         N/A       100%        8
 Death's Door             Necr           0%         N/A       100%        9


Dungeon Overview and Level Annotations

Branches:
Dungeon (10/15)            Temple (1/1) D:5         Ossuary (visited)
   Lair: D:8-11         Orc: D:9-12

Altars:
Dithmenos
Fedhas
Kikubaaqudgha
Nemelex Xobeh
Okawaru
Sif Muna
Trog
Wu Jian
Zin
The Shining One

Shops:
D:2 :

Annotations:
D:8 2 runed translucent doors


Innate Abilities, Weirdness & Mutations

You are very small and have problems with some larger weapons.
You are too small for most types of armour.
You have supernaturally acute eyesight. (SInv)
You cover ground extremely quickly. (Speed+++)


Message History

The merfolk shouts!
The arrow hits the merfolk but does no damage.
You hear a shout!
You shoot an arrow. The arrow hits the wyvern.
The arrow burns the wyvern.
The wyvern is almost dead.
A bullfrog comes into view.
The bullfrog moves out of view.
You shoot an arrow. The arrow hits the wyvern!
The arrow burns the wyvern.
You kill the wyvern!
Dithmenos accepts your kill.
You shoot an arrow. The arrow hits the merfolk!!
The arrow burns the merfolk.
The merfolk is heavily wounded.
You shoot an arrow. The arrow hits the centaur warrior.
The arrow burns the centaur warrior.
The centaur warrior is lightly wounded.
The centaur warrior unwields the +7 great sword of the Maze {flame, *Noise *Slow rPois rN++ SInv}.
It stops flaming.
The centaur warrior wields a +0 shortbow.
The centaur warrior shoots an arrow.
The arrow closely misses you.
You shoot an arrow. The arrow hits the centaur warrior!
The arrow burns the centaur warrior.
The centaur warrior is moderately wounded.
The centaur warrior shoots an arrow.
The arrow hits you!
You shoot an arrow. The arrow hits the centaur warrior!
The arrow burns the centaur warrior.
The centaur warrior is severely wounded.
The centaur warrior shoots an arrow.
The arrow barely misses you.
You shoot an arrow.
The arrow barely misses the centaur warrior.
The centaur warrior unwields a +0 shortbow.
The centaur warrior wields the +7 great sword of the Maze {flame, *Noise *Slow rPois rN++ SInv}.
It bursts into flame!
The centaur warrior hits you with the +7 great sword of the Maze {flame, *Noise *Slow rPois rN++ SInv}!
The centaur warrior burns you. The centaur warrior kicks you.
You shoot an arrow. The arrow hits the centaur warrior!
The arrow burns the centaur warrior.
The centaur warrior is almost dead.
The centaur warrior hits you with the +7 great sword of the Maze {flame, *Noise *Slow rPois rN++ SInv}!!
Ouch! That really hurt!
You die...

........>.####..######
#######...............
##.#####........ #.#
##.###### ###
#.######.## # #..
..........#####
#.#####.####.......
#..................
#.@c# #############
#.†#m..... #. #..#
.#.#. #. ##.## .. #
#..# #. # ##.## . #
#..# # #..## #|# ##..#


TJ You could see a merfolk and a centaur warrior.

Vanquished Creatures
  A two-headed ogre (D:8)
  Pikel (D:7)
  A cyclops (D:9)
  Maggie (D:6)
  A meliai (D:8)
  Prince Ribbit (D:6)
  A wyvern (D:8)
  A basilisk (D:8)
  22 yaks
  A wraith (Ossuary)
  4 vampire mosquitoes (D:10)
  A steam dragon (D:9)
  Edmund (D:6)
  Menkaure (D:6)
  An orc warrior (D:9)
  3 sky beasts
  3 black bears
  An ogre (D:4)
  2 centaurs
  2 phantoms
  3 lemures (D:7)
  3 kobold brigands
  A necrophage (D:4)
  5 bullfrogs
  2 scorpions
  2 wights (D:9)
  4 killer bees (D:10)
  A howler monkey (D:10)
  A centaur zombie (D:9)
  6 hounds
  An orc priest (D:9)
  A jelly (D:7)
  5 iguanas
  A gnoll shaman (D:5)
  4 orc wizards
  Ijyb (D:5)
  3 mummies (Ossuary)
  A howler monkey zombie (D:9)
  Robin (D:4)
  11 gnolls
  11 adders
  A shadow imp (D:6)
  2 white imps
  An ufetubus (D:7)
  2 worms
  2 dart slugs (D:5)
  17 orcs
  8 ball pythons
  7 endoplasms
  3 giant cockroaches
  11 goblins
  8 hobgoblins
  4 jackals
  20 kobolds
  2 quokkas
  5 bats
  A frilled lizard (D:3)
  5 goblin zombies (Ossuary)
  A hobgoblin zombie (Ossuary)
  7 rats
225 creatures vanquished.

Notes
Turn   | Place    | Note
-------+----------+-------------------------------------------
     0 | D:1      | Crownlay the Spriggan Hunter began the quest for the Orb.
     0 | D:1      | Reached XP level 1. HP: 10/10 MP: 2/2
    56 | D:1      | Reached skill level 5 in Bows
   264 | D:1      | Found a faded altar of an unknown god.
   323 | D:1      | Reached XP level 2. HP: 14/14 MP: 3/3
   701 | D:2      | Found Fisiror's Book Emporium.
   734 | D:2      | Reached skill level 6 in Bows
   825 | D:2      | Reached XP level 3. HP: 11/18 MP: 4/4
  1305 | D:2      | Reached XP level 4. HP: 20/22 MP: 5/5
  1840 | D:3      | Reached skill level 7 in Bows
  2208 | D:3      | Reached XP level 5. HP: 25/25 MP: 6/6
  2281 | D:4      | Reached skill level 8 in Bows
  2339 | D:4      | Noticed a black bear
  2343 | D:4      | Killed a black bear
  2503 | D:4      | Reached XP level 6. HP: 30/30 MP: 7/7
  2597 | D:4      | Noticed Robin
  2605 | D:4      | Killed Robin
  2850 | D:4      | Reached skill level 9 in Bows
  3015 | D:4      | Reached XP level 7. HP: 35/35 MP: 8/8
  3256 | D:4      | Found an ornate altar of the Wu Jian Council.
  3257 | D:4      | Found a glowing silver altar of Zin.
  3257 | D:4      | Found an ancient bone altar of Kikubaaqudgha.
  3564 | D:5      | Entered Level 5 of the Dungeon
  3575 | D:5      | Reached skill level 10 in Bows
  3660 | D:5      | Found an iron altar of Okawaru.
  3728 | D:5      | Found a staircase to the Ecumenical Temple.
  3739 | D:5      | Reached XP level 8. HP: 42/42 MP: 9/9
  3742 | Temple   | Entered the Ecumenical Temple
  3772 | Temple   | Became a worshipper of Dithmenos the Shadowed
  3820 | D:5      | Reached skill level 11 in Bows
  4016 | D:5      | Noticed Ijyb
  4022 | D:5      | Killed Ijyb
  4222 | D:5      | Found a sparkling altar of Nemelex Xobeh.
  4222 | D:5      | Found a transporter.
  4262 | D:5      | Reached skill level 1 in Invocations
  4482 | D:6      | Found a sand-covered staircase.
  4487 | D:6      | Noticed Edmund
  4502 | D:6      | Killed Edmund
  4637 | Ossuary  | Entered an ossuary
  5004 | Ossuary  | Reached * piety under Dithmenos
  5186 | D:6      | Reached skill level 12 in Bows
  5186 | D:6      | Reached XP level 9. HP: 46/46 MP: 12/12
  5212 | D:6      | Reached skill level 5 in Stealth
  5333 | D:6      | Noticed Prince Ribbit
  5338 | D:6      | Killed Prince Ribbit
  5380 | D:6      | Identified the ring of Muitos {*Slow rCorr Dex+6 Stlth+}
  5402 | D:6      | Noticed Menkaure
  5404 | D:6      | Killed Menkaure
  5632 | D:6      | Noticed Maggie
  5643 | D:6      | Killed Maggie
  5644 | D:6      | Reached skill level 5 in Fighting
  5877 | D:7      | Found a bloodstained altar of Trog.
  5911 | D:7      | Reached skill level 13 in Bows
  5988 | D:7      | Found Femaf's Antique Armour Shoppe.
  6024 | D:7      | Noticed Pikel
  6082 | D:7      | Killed Pikel
  6214 | D:7      | Found a shimmering blue altar of Sif Muna.
  6631 | D:8      | Found a glowing golden altar of the Shining One.
  6664 | D:8      | Identified the +6 falchion "Elexzitu" {venom, rElec rF++
                  | Str+3 Int-3}
  6727 | D:8      | Reached skill level 14 in Bows
  6727 | D:8      | Reached XP level 10. HP: 51/51 MP: 14/14
  6815 | D:8      | Found a runed translucent door.
  6821 | D:8      | Found a runed translucent door.
  6821 | D:8      | Noticed a seven-headed hydra
  6829 | D:8      | Noticed a centaur warrior
  6831 | D:8      | Reached ** piety under Dithmenos
  6836 | D:8      | Noticed a two-headed ogre
  6956 | D:9      | Noticed a two-headed ogre
  6969 | D:9      | Noticed a cyclops
  6979 | D:9      | Killed a cyclops
  6980 | D:9      | Reached skill level 15 in Bows
  7281 | D:10     | Entered Level 10 of the Dungeon
  7835 | D:10     | Reached skill level 16 in Bows
  7836 | D:10     | Reached skill level 5 in Invocations
  7852 | D:10     | Reached skill level 10 in Stealth
  8022 | D:10     | Reached XP level 11. HP: 55/55 MP: 16/16
  8179 | D:9      | Identified the +7 whip "Jusod" {freeze, rN+}
  8573 | D:9      | Reached *** piety under Dithmenos
  8734 | D:8      | Killed a two-headed ogre
  8734 | D:8      | Identified the +7 great sword of the Maze {flame, *Noise
                  | *Slow rPois rN++ SInv}
  8734 | D:8      | Identified the amulet "Qoippan" {Faith Drain rPois Will+++
                  | Stlth-}
  8744 | D:8      | Slain by a centaur warrior

Illustrated notes

Levels and vault maps discovered:
D:1:      enne_arrival_octagon_isle, layout_basic, serial_forest,
          infiniplex_forest_lined_ring, infiniplex_forest_diagonal,
          infiniplex_forest_straight_2, infiniplex_forest_straight_3,
          chequers_ecumenical_altar_island, item_on_display_a
D:2:      layout_loops_corners, serial_shops, nicolae_shop_trees,
          minmay_misc_feat_enclosed
D:3:      layout_basic
D:4:      layout_basic, gammafunk_temple_overflow_claw, minmay_joined_circles,
          uniq_robin
D:5:      layout_cave_pools, grunt_nemelex_the_gamble, okawaru_trees_1,
          minmay_temple_entry_large_hall, uniq_ijyb
D:6:      layout_loops_cross, nicolae_ossuary_entry_false_entrances,
          grunt_ministairs_3, uniq_prince_ribbit1, uniq_menkaure, uniq_edmund,
          uniq_maggie
D:7:      layout_cave_pools, nicolae_sif_muna_little_library,
          nicolae_overflow_crystal_walls, serial_shops, nicolae_shop_crystal,
          uniq_pikel
D:8:      minmay_the_grid_triangle_9x9_recursive_2
          [minmay_the_grid_triangle_9x9_prize_center,
          minmay_the_grid_triangle_9x9_descending_squares,
          minmay_the_grid_triangle_9x9_negative_grid,
          minmay_the_grid_triangle_9x9_tough_junction], layout_loops_ring,
          tso_altar, lemuel_doored_altar, nicolae_straight_to_the_point
D:9:      layout_loops_cross, serial_undead, serial_undead_c, serial_undead_d,
          serial_undead_e, serial_undead_e
D:10:     layout_loops_corners, nzn_makhleb_speed_demon, special_room
          [special_room_orc]
Temple:   minmay_temple_forest_path

Skill      XL: |  1  2  3  4  5  6  7  8  9 10 11 |
---------------+----------------------------------+-----
Bows           | 5 6 7 8 9 10 12 14 16 | 16.0
Fighting       | 2 3 4 5 |  5.1
Dodging        | 3 4 |  4.7
Stealth        | 4 8 10 11 | 11.4
Invocations    | 2 4 5 6 |  6.5

Action                   |  1- 3 |  4- 6 |  7- 9 | 10-12 || total
-------------------------+-------+-------+-------+-------++-------
 Fire: Shortbow          |    70 |    82 |   274 |   195 ||   621
Throw: Throwing net      |       |       |     1 |       ||     1
  Use: Scroll            |       |    10 |    10 |     5 ||    25
Armor: Robe              |     3 |     3 |       |       ||     6
       Acid dragon scale |       |       |     1 |     7 ||     8
Dodge: Dodged            |    16 |    30 |    62 |   104 ||   212

Table legend: (Time is in decaauts)
 A = Elapsed time spent in this place.
 B = Non-inter-level travel time spent in this place.
 C = Inter-level travel time spent in this place.
 D = Time resting spent in this place.
 E = Time spent auto-exploring this place.
 F = Levels seen in this place.
 G = Mean time per level.
                   A        B        C        D        E       F      G
               +--------+--------+--------+--------+--------+-----+--------+
         Total |   6313 |   6058 |    255 |    407 |   4635 |  12 |  526.1 |
       Dungeon |   5952 |   5715 |    237 |    407 |   4360 |  10 |  595.2 |
        Temple |     35 |     17 |     18 |      0 |     10 |   1 |   35.0 |
       Ossuary |    325 |    325 |      0 |      0 |    265 |   1 |  325.0 |
               +--------+--------+--------+--------+--------+-----+--------+

Top non-repeatable levels by time:
     D:4: 954 daAuts
     D:2: 764 daAuts
    D:10: 728 daAuts
     D:6: 703 daAuts
     D:9: 580 daAuts
     D:5: 574 daAuts
     D:8: 453 daAuts
     D:1: 437 daAuts
     D:7: 406 daAuts
     D:3: 348 daAuts
 Ossuary: 325 daAuts
  Temple: 35 daAuts
